AoeStats
← gazza17

Arabia

516192898Analyzed
4v4 RM · 12d ago on Oct 25, 2026· 49m 0s· 8 players
Game mode
Random Map
Map size
Large (8 player)
Population
200
Speed
Normal
Resources
Standard
Victory
Conquest
Starting age
Dark Age
Ending age
Imperial Age
RankedLock teamsTeams togetherTeam positionsShared explorationLock speedFull tech treeHidden civsTurbo modeCheats
Victory
Defeat
🇬🇧 Chinese · United Kingdom
1014
+15
🇨🇳 Lithuanians · China
977
+17
🇳🇵 Ethiopians · Nepal
950
+18
🇲🇽 Wei · Mexico
939
+18
vs
🇨🇴 Huns · Colombia
1062
-19
🇨🇴 Teutons · Colombia
1031
-19
🇨🇴 Persians · Colombia
1021
-18
🇨🇴 Romans · Colombia
861
-12
好人有好鲍
8:01 Loom
10:21 Feudal Age
11:03 Double-Bit Axe
11:03 Horse Collar
18:19 Castle Age
17:45 Wheelbarrow
16:56 Town Watch
20:10 Bow Saw
20:58 Forging
20:53 Scale Barding Armor
23:11 Iron Casting
25:01 Heavy Plow
26:36 Chain Barding Armor
28:57 Bloodlines
28:48 Husbandry
29:10 Hand Cart
29:07 Gold Mining
29:09 Stone Mining
34:37 Fervor
34:48 Sanctity
38:21 Imperial Age
35:53 Town Patrol
35:47 Fletching
35:58 Padded Archer Armor
37:48 Stone Shaft Mining
38:32 Cavalier
39:51 Plate Barding Armor
39:13 Bodkin Arrow
41:28 Conscription
42:55 Paladin
46:00 Bracer
47:44 Two-Man Saw
47:17 Crop Rotation
gazza17
0:30 Loom
10:47 Feudal Age
14:23 Fletching
16:13 Padded Archer Armor
19:33 Castle Age
19:39 Horse Collar
20:14 Bodkin Arrow
20:29 Thumb Ring
20:54 Crossbowman
22:04 Double-Bit Axe
23:51 Gold Mining
25:24 Heavy Plow
26:44 Pikeman
28:36 Leather Archer Armor
28:58 Scale Mail Armor
29:09 Forging
30:36 Chain Mail Armor
33:00 Iron Casting
32:39 Stone Mining
33:15 Ballistics
33:06 Masonry
33:35 Wheelbarrow
34:10 Gold Shaft Mining
39:01 Imperial Age
36:48 Hand Cart
37:04 Bow Saw
39:17 Town Watch
40:42 Chemistry
39:33 Heated Shot
39:07 Arbalester
39:49 Bracer
40:19 Ring Archer Armor
39:39 Cavalier
42:09 Blast Furnace
42:41 Stone Shaft Mining
Peligro-Saiyajin♥
0:32 Loom
12:59 Feudal Age
13:42 Double-Bit Axe
13:39 Horse Collar
15:58 Gold Mining
15:59 Stone Mining
20:48 Castle Age
21:51 Bow Saw
21:45 Heavy Plow
22:23 Gold Shaft Mining
22:24 Stone Shaft Mining
25:39 Wheelbarrow
26:21 Treadmill Crane
27:55 Hand Cart
27:25 Town Watch
28:11 Tuntian
28:20 Murder Holes
28:38 Fortified Wall
30:12 Masonry
30:39 Forging
32:19 Iron Casting
35:11 Imperial Age
32:41 Town Patrol
33:49 Scale Barding Armor
36:06 Chain Barding Armor
35:21 Elite Tiger Cavalry
36:29 Ming Guang Armor
36:25 Conscription
37:48 Crop Rotation
40:38 Chemistry
41:28 Blast Furnace
49:14 Hoardings
49:02 Sanctity
48:43 Devotion
49:18 Theocracy
49:09 Illumination
48:59 Block Printing
48:55 Fervor
48:46 Fletching
48:56 Padded Archer Armor
snowttle
5:33 Loom
10:47 Feudal Age
16:58 Castle Age
17:21 Fletching
17:24 Double-Bit Axe
20:08 Crossbowman
24:42 Wheelbarrow
24:35 Bodkin Arrow
24:42 Padded Archer Armor
28:21 Gold Mining
31:39 Gold Shaft Mining
31:45 Bow Saw
36:10 Imperial Age
36:20 Scale Mail Armor
38:39 Two-Man Saw
37:51 Stone Mining
40:02 Hand Cart
39:52 Horse Collar
41:59 Thumb Ring
41:15 Arbalester
42:27 Halberdier
43:07 Squires
43:36 Bracer
44:32 Conscription
46:56 Leather Archer Armor
47:10 Town Watch
47:43 Chain Mail Armor
50:13 Stone Shaft Mining
CaxaLord
11:48 Feudal Age
14:01 Double-Bit Axe
16:42 Castle Age
15:25 Horse Collar
18:16 Loom
19:34 Wheelbarrow
32:46 Imperial Age
31:27 Hand Cart
31:10 Gold Mining
32:50 Marauders
33:31 Scale Barding Armor
35:22 Elite Tarkan
39:08 Husbandry
39:19 Bloodlines
41:54 Heavy Plow
41:56 Man-at-Arms
46:48 Elite Skirmisher
48:25 Pikeman
sT_LaCulebra.
8:10 Loom
11:03 Feudal Age
11:40 Double-Bit Axe
12:23 Horse Collar
13:49 Fishing Lines
17:11 Wheelbarrow
20:57 Castle Age
19:34 Fletching
20:16 Stone Mining
21:44 Bloodlines
21:48 Forging
25:20 Scale Barding Armor
26:17 Stone Shaft Mining
30:28 Chain Barding Armor
31:18 Scale Mail Armor
34:04 Chain Mail Armor
36:32 Iron Casting
35:33 Pikeman
37:58 Squires
38:21 Heavy Plow
38:51 Gambesons
38:26 Man-at-Arms
38:54 Arson
45:36 Imperial Age
43:29 Bodkin Arrow
45:32 Long Swordsman
46:31 Cavalier
47:51 Plate Barding Armor
47:05 Long Swordsman
angarzp
7:39 Loom
10:50 Feudal Age
10:53 Man-at-Arms
16:23 Horse Collar
22:20 Double-Bit Axe
24:17 Wheelbarrow
26:58 Castle Age
25:37 Fletching
25:49 Scale Mail Armor
25:58 Gold Mining
25:59 Stone Mining
27:51 Forging
28:00 Chain Mail Armor
28:00 Padded Archer Armor
27:55 Long Swordsman
28:55 Squires
30:39 Iron Casting
30:00 Bodkin Arrow
30:45 Bow Saw
31:51 Leather Archer Armor
32:12 Heavy Plow
33:15 Hand Cart
34:03 Gold Shaft Mining
33:18 Stone Mining
33:52 Elite Skirmisher
36:38 Pikeman
43:31 Imperial Age
ccc.gdh
3:38 Loom
11:02 Feudal Age
12:33 Double-Bit Axe
12:50 Horse Collar
15:37 Wheelbarrow
17:57 Town Watch
20:39 Castle Age
19:30 Stone Mining
20:17 Gold Mining
20:39 Scale Barding Armor
20:45 Forging
21:25 Hand Cart
31:46 Iron Casting
34:21 Chain Barding Armor
39:38 Imperial Age
39:26 Kamandaran
40:26 Conscription
42:14 Crossbowman
43:00 Thumb Ring
45:17 Bow Saw
46:01 Elite War Elephant
Connection lost

Rejoining the realm…

Still unreachable

The connection could not be restored.

Session expired

The server has moved on; the page needs a fresh start.